[Event "Titled Tuesday Blitz November 30 2021"]
[White "Kravtsiv, Martyn"]
[Black "Szpar, Milosz"]
[WhiteFideId "14113147"]
[BlackFideId "1184989"]
[WhiteElo "2660"]
[BlackElo "2285"]
[Result "0-1"]
[Round "09"]
[TimeControl "180+1"]
[Date "2021.11.30"]
[WhiteClock "0:00:02"]
[BlackClock "0:00:03"]

1. e4 c5 2. Nf3 d6 3. d4 cxd4 4. Nxd4 Nf6 5. f3 Nc6 6. c4 g6 7. Nc3 Bg7 8. Be3 O-O 9. Qd2 Bd7 10. Be2 Nxd4 11. Bxd4 Qa5 12. O-O Bc6 13. Rfb1 Rfc8 14. b4 Qd8 15. a4 Nh5 16. a5 Bxd4+ 17. Qxd4 Ng7 18. Qe3 Qe8 19. Rc1 Qf8 20. h3 Ne6 21. Nd5 g5 22. Bf1 Re8 23. Ra3 Qg7 24. Rd1 Kf8 25. Qf2 Rec8 26. Ne3 Nf4 27. Nf5 Qf6 28. Re3 Bd7 29. Nd4 h6 30. Qe1 Qe5 31. Nf5 b6 32. Nxh6 bxa5 33. bxa5 Rab8 34. Ng4 Bxg4 35. hxg4 Rb2 36. g3 Ne6 37. Rd5 Qh8 38. Re2 Rcb8 39. Qf2 Rb1 40. Kg2 Rc1 41. Rdd2 Rbb1 42. Qxa7 Rxf1 43. Qa8+ Kg7 44. Qxh8+ Kxh8 45. e5 Rg1+ 46. Kf2 Rgf1+ 47. Kg2 Rg1+ 48. Kf2 Rgf1+ 49. Ke3 dxe5 50. Ra2 Nc5 51. a6 Rb3+ 52. Kd2 Rb8 53. a7 Ra8 54. Rxe5 Ne6 55. Ke3 Re1+ 56. Re2 Rxe2+ 57. Kxe2 Rxa7 58. f4 Ra2+ 59. Kf3 Ra3+ 60. Ke4 gxf4 61. gxf4 Ra4 62. f5 Rxc4+ 63. Kd3 Rc5 0-1


[Site "https://www.chess.com"]

[Event "Titled Tuesday Blitz November 30 2021"]
[White "Le, Tuan Minh"]
[Black "Gasanov, Eldar"]
[WhiteFideId "12401153"]
[BlackFideId "14104466"]
[WhiteElo "2450"]
[BlackElo "2454"]
[Result "1-0"]
[Round "09"]
[TimeControl "180+1"]
[Date "2021.11.30"]
[WhiteClock "0:00:05"]
[BlackClock "0:00:04"]

1. d4 d6 2. e4 Nf6 3. Nc3 c6 4. Nf3 Bg4 5. h3 Bh5 6. Be2 e6 7. O-O d5 8. e5 Nfd7 9. Ne1 Bg6 10. f4 c5 11. Nf3 Nc6 12. Be3 Be4 13. Nxe4 dxe4 14. d5 exd5 15. Ng5 Nd4 16. Bg4 f5 17. Bxd4 fxg4 18. Qxg4 cxd4 19. Qe6+ Qe7 20. Qxd5 Nb6 21. Qxe4 O-O-O 22. Rad1 Qc7 23. Kh1 Qc4 24. Qf5+ Rd7 25. e6 Rd5 26. e7+ Rxf5 27. e8=Q+ Kc7 28. Ne6+ Kd6 29. Rfe1 Qc6 30. Qb8+ Kd7 31. Qd8# 1-0


[Site "https://www.chess.com"]

[Event "Titled Tuesday Blitz November 30 2021"]
[White "Leitao, Rafael"]
[Black "Rustemov, Alexander"]
[WhiteFideId "2101246"]
[BlackFideId "4119002"]
[WhiteElo "2609"]
[BlackElo "2798"]
[Result "1-0"]
[Round "09"]
[TimeControl "180+1"]
[Date "2021.11.30"]
[WhiteClock "0:00:17"]
[BlackClock "0:00:01"]

1. c4 e6 2. g3 d5 3. Bg2 Nf6 4. Nf3 dxc4 5. Qa4+ Nbd7 6. Qxc4 a6 7. Qc2 c5 8. d4 b5 9. Ne5 Nd5 10. O-O Nxe5 11. dxe5 Bb7 12. Rd1 Qb6 13. Nc3 Nb4 14. Qd2 Qc7 15. Bxb7 Qxb7 16. a3 Nc6 17. Ne4 Rd8 18. Nd6+ Bxd6 19. exd6 Nd4 20. b4 Rxd6 21. bxc5 Nf3+ 22. exf3 Rxd2 23. Bxd2 O-O 24. Be3 Qxf3 25. Rd6 a5 26. c6 Rc8 27. c7 Qa8 28. Rad1 h6 29. Rd8+ Kh7 30. Rxc8 Qxc8 31. Bf4 e5 32. Bxe5 Qe6 33. Rd8 Qxe5 34. c8=Q Qe1+ 35. Kg2 Qe4+ 36. f3 Qe2+ 37. Kh3 Qxf3 38. Qc2+ g6 39. Rd2 b4 40. Rf2 Qh5+ 41. Kg2 Qd5+ 42. Kg1 b3 43. Qb2 a4 44. Qf6 Kg8 45. Qc3 h5 46. Rd2 Qe4 47. Rd8+ 1-0


[Site "https://www.chess.com"]

[Event "Titled Tuesday Blitz November 30 2021"]
[White "Lysyj, Igor"]
[Black "Jobava, Baadur"]
[WhiteFideId "4150120"]
[BlackFideId "13601520"]
[WhiteElo "2611"]
[BlackElo "2731"]
[Result "0-1"]
[Round "09"]
[TimeControl "180+1"]
[Date "2021.11.30"]
[WhiteClock "0:00:03"]
[BlackClock "0:00:12"]

1. d4 d5 2. c4 c6 3. Nf3 Nf6 4. Qb3 dxc4 5. Qxc4 Bf5 6. g3 e6 7. Bg2 Be7 8. O-O O-O 9. Nbd2 h6 10. Qb3 Qb6 11. Nc4 Qa6 12. Bf4 Nbd7 13. Bd6 Rfe8 14. Bxe7 Rxe7 15. Rfc1 Nb6 16. Nfe5 Rd8 17. e3 Nxc4 18. Nxc4 Be4 19. Bf1 Bd5 20. Qb4 Rc7 21. a4 Bxc4 22. Rxc4 Qb6 23. Qa3 a5 24. b4 Nd5 25. bxa5 Qxa5 26. Qb2 Ra8 27. e4 Nf6 28. Bg2 b5 29. Rc5 Nd7 30. Rcc1 bxa4 31. e5 a3 32. Qc3 Qa7 33. Ra2 Qb6 34. Rxa3 Rxa3 35. Qxa3 Qxd4 36. Qa8+ Nf8 37. Bf1 Qxe5 38. Rxc6 Rxc6 39. Qxc6 g5 40. h3 Kg7 41. Bd3 Qd4 42. Bc2 Nd7 43. Qc7 Ne5 44. Qb7 h5 45. Qe4 Qxe4 46. Bxe4 h4 47. gxh4 gxh4 48. Kg2 Kf6 49. f4 Nc4 50. Ba8 Kf5 51. Kf3 Nd2+ 52. Ke3 Nf1+ 53. Kf3 Ng3 54. Bc6 f6 55. Ba4 Kg6 56. Bc2+ f5 57. Bb3 Kf6 58. Bc4 Ne4 59. Bd3 Nc5 60. Bc4 e5 61. fxe5+ Kxe5 62. Bb5 Ne4 63. Ba6 Ng5+ 64. Kg2 Kd4 65. Bc8 f4 66. Kf2 Ke5 67. Bg4 Ne4+ 68. Kf3 Ng5+ 69. Kf2 Ke4 70. Bc8 f3 71. Bb7+ Kf4 72. Bc8 Ne4+ 0-1


[Site "https://www.chess.com"]

[Event "Titled Tuesday Blitz November 30 2021"]
[White "Manafov, Vugar"]
[Black "Maksimovic, Bojan"]
[WhiteFideId "13410814"]
[BlackFideId "14408120"]
[WhiteElo "2277"]
[BlackElo "2439"]
[Result "1-0"]
[Round "09"]
[TimeControl "180+1"]
[Date "2021.11.30"]
[WhiteClock "0:01:53"]
[BlackClock "0:00:03"]

1. d4 Nf6 2. c4 e6 3. Nf3 Bb4+ 4. Bd2 Qe7 5. g3 O-O 6. Bg2 c5 7. Bxb4 cxb4 8. O-O Nc6 9. d5 exd5 10. cxd5 Ne5 11. d6 Nxf3+ 12. Bxf3 Qe5 13. Qd2 a5 14. Rd1 Ra6 15. a3 Ne4 16. Qd4 Qxd4 17. Rxd4 Nc5 18. Nd2 bxa3 19. Rxa3 b6 20. Nc4 a4 21. Re3 b5 22. Na3 Nb3 23. Rb4 Rxd6 24. Nxb5 Rd1+ 25. Kg2 d5 26. Rxa4 Bd7 27. Rxb3 Rb8 28. Rab4 d4 29. Nxd4 Rf8 30. h4 h6 31. e3 Ra1 32. Nb5 Be6 33. Ra3 Rb1 34. Nd4 Bd7 35. Rb7 Bc8 36. Rc7 g5 37. hxg5 hxg5 38. Ra8 g4 39. Raxc8 gxf3+ 40. Kxf3 Kg7 41. Ne6+ Kf6 42. Rxf8 Rxb2 43. Rfxf7+ Ke5 44. Nf4 Rxf2+ 45. Kxf2 Ke4 46. Rce7# 1-0


[Site "https://www.chess.com"]

[Event "Titled Tuesday Blitz November 30 2021"]
[White "Mitrabha, Guha"]
[Black "Kovalev, Vladislav"]
[WhiteFideId "5057000"]
[BlackFideId "13504398"]
[WhiteElo "2334"]
[BlackElo "2573"]
[Result "1-0"]
[Round "09"]
[TimeControl "180+1"]
[Date "2021.11.30"]
[WhiteClock "0:00:16"]
[BlackClock "0:00:02"]

1. d4 Nf6 2. Bf4 g6 3. Nc3 d5 4. e3 Bg7 5. h4 h5 6. Nf3 c6 7. Qd2 Bg4 8. Ne5 Nbd7 9. Nxg4 Nxg4 10. f3 Ngf6 11. O-O-O Qa5 12. Kb1 Nb6 13. Bd3 O-O-O 14. Be5 Rhg8 15. a3 Na4 16. Nxa4 Qxa4 17. Ka2 c5 18. dxc5 Nd7 19. Bxg7 Rxg7 20. Qc3 Rgg8 21. b4 Qc6 22. e4 Nf6 23. e5 Nd7 24. f4 e6 25. Qd4 b6 26. cxb6 Nxb6 27. Rc1 Kb7 28. b5 Qc7 29. a4 Rc8 30. Kb3 Qe7 31. Qb4 Qd7 32. Rhd1 Nc4 33. Ka2 Qe8 34. Rb1 Rc7 35. a5 Qc8 36. b6 axb6 37. Bxc4 Rxc4 38. Qxb6+ Ka8 39. Rb2 Ra4+ 40. Kb1 Rd8 41. Rd3 Rd7 42. Rc3 1-0


[Site "https://www.chess.com"]

[Event "Titled Tuesday Blitz November 30 2021"]
[White "Nagy, Gabor"]
[Black "Piesik, Piotr"]
[WhiteFideId "737119"]
[BlackFideId "1136194"]
[WhiteElo "2534"]
[BlackElo "2336"]
[Result "1-0"]
[Round "09"]
[TimeControl "180+1"]
[Date "2021.11.30"]
[WhiteClock "0:00:17"]
[BlackClock "0:00:06"]

1. d4 c5 2. dxc5 e6 3. Nc3 Bxc5 4. Ne4 Nf6 5. Nxc5 Qa5+ 6. Qd2 Qxc5 7. e3 d5 8. Nf3 Nc6 9. a3 a5 10. Be2 Ne4 11. Qd1 e5 12. O-O O-O 13. Nd2 Bf5 14. c3 a4 15. Nxe4 dxe4 16. b4 axb3 17. Qxb3 Be6 18. Qb1 Bc4 19. Bxc4 Qxc4 20. Bd2 b5 21. Rd1 Rfd8 22. h3 Rd3 23. Be1 Rad8 24. Rc1 f5 25. a4 bxa4 26. Qb6 f4 27. Kh2 R3d7 28. exf4 exf4 29. Qb2 f3 30. Qa2 Qxa2 31. Rxa2 Rd1 32. Rxd1 Rxd1 33. Bd2 fxg2 34. Kxg2 Ne5 35. Be3 g5 36. Rxa4 h6 37. Rxe4 Nf7 38. Re6 Kg7 39. Bd4+ Kh7 40. Rf6 Nh8 41. Kf3 Rd3+ 42. Ke4 Rxh3 43. c4 Rh4+ 44. Kd5 Rh1 45. Rf8 1-0


[Site "https://www.chess.com"]

[Event "Titled Tuesday Blitz November 30 2021"]
[White "Onyshchuk, Volodymyr"]
[Black "Zhigalko, Sergei"]
[WhiteFideId "14114038"]
[BlackFideId "13502956"]
[WhiteElo "2603"]
[BlackElo "2662"]
[Result "1-0"]
[Round "09"]
[TimeControl "180+1"]
[Date "2021.11.30"]
[WhiteClock "0:00:19"]
[BlackClock "0:00:01"]

1. e4 c5 2. Nf3 Nc6 3. Bb5 Nf6 4. Nc3 Qc7 5. O-O Nd4 6. Re1 a6 7. Bf1 Ng4 8. g3 Nxf3+ 9. Qxf3 Ne5 10. Qe2 e6 11. d3 d6 12. Be3 Be7 13. f4 Nc6 14. Qf2 O-O 15. Bg2 b6 16. Ne2 Bb7 17. c3 Rac8 18. g4 b5 19. a3 a5 20. Ng3 b4 21. axb4 axb4 22. g5 Ra8 23. d4 bxc3 24. bxc3 cxd4 25. cxd4 Rxa1 26. Rxa1 Nb4 27. f5 Ra8 28. Rc1 Qd8 29. f6 Nd3 30. fxe7 Qxe7 31. Qd2 Nxc1 32. Qxc1 Qd8 33. Qb2 Qc8 34. d5 Ra4 35. dxe6 fxe6 36. Nh5 Qc7 37. Qb3 Rc4 38. Nf4 d5 39. Nxe6 Qe5 40. exd5 Rc3 41. Qxc3 Qxc3 42. Kf2 Qb2+ 43. Kg3 1-0


[Site "https://www.chess.com"]

[Event "Titled Tuesday Blitz November 30 2021"]
[White "Ozen, Bahadir"]
[Black "Perez Ponsa, Federico"]
[WhiteFideId "6337058"]
[BlackFideId "117927"]
[WhiteElo "2503"]
[BlackElo "2672"]
[Result "1/2-1/2"]
[Round "09"]
[TimeControl "180+1"]
[Date "2021.11.30"]
[WhiteClock "0:00:17"]
[BlackClock "0:00:17"]

1. d4 d5 2. Nf3 Nf6 3. c4 e6 4. Nc3 Be7 5. Bg5 O-O 6. e3 Nbd7 7. Rc1 h6 8. Bh4 c5 9. cxd5 Nxd5 10. Bxe7 Nxe7 11. Be2 b6 12. O-O Bb7 13. dxc5 Nxc5 14. Qxd8 Rfxd8 15. Rfd1 Nd5 16. Nxd5 Bxd5 17. b3 a5 18. Nd4 Rac8 19. f3 f5 20. Kf2 Kf7 21. Nb5 Kf6 22. Nc3 Bc6 23. h4 g5 24. hxg5+ hxg5 25. Rxd8 Rxd8 26. Rd1 Rc8 27. Rh1 Kg6 28. Rd1 f4 29. Rd6 Kf7 30. Bb5 Bxb5 31. Nxb5 Ke7 32. Rxb6 Nd3+ 33. Ke2 Nb4 34. exf4 gxf4 35. Nd4 Nxa2 36. Rxe6+ Kd7 37. Rf6 Nc3+ 38. Kd3 Nd5 39. Rf5 Kd6 40. Ne2 Ke6 41. Nd4+ Kd6 42. Ne2 Ke6 43. Nd4+ Kd6 1/2-1/2


[Site "https://www.chess.com"]

[Event "Titled Tuesday Blitz November 30 2021"]
[White "Petrovskyi, Vadym"]
[Black "Rasulov, Vugar"]
[WhiteFideId "14165210"]
[BlackFideId "13402390"]
[WhiteElo "2377"]
[BlackElo "2560"]
[Result "0-1"]
[Round "09"]
[TimeControl "180+1"]
[Date "2021.11.30"]
[WhiteClock "0:00:03"]
[BlackClock "0:00:13"]

1. e4 c5 2. Nf3 d6 3. d4 cxd4 4. Nxd4 Nf6 5. Nc3 a6 6. Bg5 e6 7. f4 Be7 8. Qf3 Nbd7 9. O-O-O Qc7 10. g4 b5 11. Bxf6 Nxf6 12. g5 Nd7 13. f5 Nc5 14. f6 gxf6 15. gxf6 Bf8 16. a3 Rb8 17. Rg1 h5 18. Rg7 b4 19. axb4 Rxb4 20. Bh3 Qa5 21. Nc6 Qb6 22. Nxb4 Qxb4 23. Nd5 exd5 24. Bxc8 Qxe4 25. Qg3 h4 26. Qf2 Kd8 27. Bf5 Qa4 28. Kb1 Bxg7 29. fxg7 Rg8 30. Rd4 Qe8 31. Rxd5 Kc7 32. Qd2 Qc6 33. Qa5+ Kb7 34. Rd4 Rxg7 35. Qe1 f6 36. Rb4+ Ka7 37. Rc4 Qd5 38. Qf1 Re7 39. Rxh4 Qd2 40. Qc4 Re1+ 41. Ka2 Qa5+ 0-1


[Site "https://www.chess.com"]

[Event "Titled Tuesday Blitz November 30 2021"]
[White "Pour Agha Bala, Amirreza"]
[Black "Gusarov, Grigory"]
[WhiteFideId "12572896"]
[BlackFideId "24102172"]
[WhiteElo "2313"]
[BlackElo "2254"]
[Result "1-0"]
[Round "09"]
[TimeControl "180+1"]
[Date "2021.11.30"]
[WhiteClock "0:00:29"]
[BlackClock "0:00:09"]

1. d4 Nf6 2. c4 e6 3. Nf3 b6 4. Nc3 Bb7 5. a3 d5 6. cxd5 Nxd5 7. Qc2 Be7 8. Bd2 Nxc3 9. Bxc3 O-O 10. e4 Nd7 11. O-O-O Nf6 12. Bd3 Nh5 13. g3 c5 14. d5 exd5 15. exd5 g6 16. Rhe1 Bf6 17. Be5 Re8 18. h4 Bxe5 19. Nxe5 Qd6 20. Qc3 Rad8 21. Nc4 Qf6 22. Rxe8+ Rxe8 23. Qxf6 Nxf6 24. Nd6 Re7 25. Nxb7 Rxb7 26. Bb5 Kf8 27. d6 Rb8 28. Bc6 Rd8 29. Kc2 Ne8 30. d7 Nf6 31. Kc3 Ke7 32. Re1+ Kd6 33. Re8 Kc7 34. Bb5 a6 35. Rxd8 Kxd8 36. Bxa6 Kxd7 37. Be2 Ne4+ 38. Kd3 f5 39. Ke3 Kd6 40. g4 Ke5 41. f4+ Kd6 42. Bd3 Nf6 43. gxf5 gxf5 44. Bxf5 h6 45. Kf3 Kd5 46. Bg6 Kd4 47. b3 Kc3 48. Bf7 Kd4 49. a4 Nd7 50. Kg4 Ke4 51. Bg6+ Ke3 52. f5 Nf6+ 53. Kg3 Ke4 54. Kf2 Kf4 55. Ke2 Kg4 56. Ke3 Kxh4 57. Kd3 Kg5 58. Kc4 h5 59. Bxh5 Kxh5 60. Kb5 Kg5 61. Kxb6 Kxf5 62. Kxc5 Ke6 63. Kc6 Nd5 64. a5 Nb4+ 65. Kb5 Nc2 66. a6 Nd4+ 67. Kb6 Kd6 68. a7 Nxb3 69. a8=Q 1-0


[Site "https://www.chess.com"]

[Event "Titled Tuesday Blitz November 30 2021"]
[White "Pranav, V"]
[Black "Sargsyan, Anna M."]
[WhiteFideId "25060783"]
[BlackFideId "13308130"]
[WhiteElo "2351"]
[BlackElo "2271"]
[Result "1-0"]
[Round "09"]
[TimeControl "180+1"]
[Date "2021.11.30"]
[WhiteClock "0:02:19"]
[BlackClock "0:01:13"]

1. e4 c6 2. Nf3 d5 3. Nc3 Bg4 4. h3 Bxf3 5. Qxf3 Nf6 6. d3 e6 7. Bd2 Qb6 8. O-O-O d4 9. Ne2 c5 10. e5 Nd5 11. Nf4 Nb4 12. Kb1 Nd7 13. Qe4 Nc6 14. c4 Ncxe5 15. Qe2 a5 16. g4 a4 17. Bg2 a3 18. b3 Bd6 19. Nh5 g6 20. Ng7+ Kf8 21. Bh6 Kg8 22. f4 Nc6 23. Nxe6 Re8 24. Bd5 Bf8 25. Ng5 1-0


[Site "https://www.chess.com"]

[Event "Titled Tuesday Blitz November 30 2021"]
[White "Sadhwani, Raunak"]
[Black "Babazada, Khazar"]
[WhiteFideId "35093487"]
[BlackFideId "13413554"]
[WhiteElo "2517"]
[BlackElo "2302"]
[Result "0-1"]
[Round "09"]
[TimeControl "180+1"]
[Date "2021.11.30"]
[WhiteClock "0:00:03"]
[BlackClock "0:00:12"]

1. e4 c5 2. Nf3 Nc6 3. Bb5 g6 4. O-O Bg7 5. Re1 Nf6 6. c3 O-O 7. h3 a6 8. Bxc6 dxc6 9. d4 cxd4 10. cxd4 b6 11. Nc3 Bb7 12. Bf4 Rc8 13. Qd2 c5 14. d5 b5 15. Rad1 Nd7 16. Bh6 c4 17. Bxg7 Kxg7 18. h4 Nc5 19. h5 Nd3 20. h6+ Kg8 21. Re3 e5 22. Ne2 Qd6 23. Nc1 Nc5 24. Ne2 Rce8 25. Ng3 Nd3 26. Ne1 Nf4 27. b3 Rc8 28. bxc4 Rxc4 29. Nd3 Nxd3 30. Rxd3 Rfc8 31. Rf3 f6 32. Qe3 R8c5 33. Qe1 b4 34. a3 a5 35. axb4 Rxb4 36. Ra3 Rb2 37. Rxa5 Rcc2 38. Rc1 Rxf2 39. Qxf2 Rxf2 40. Kxf2 Qb4 41. Ra2 f5 42. Rac2 f4 43. Ne2 Qxe4 44. Rc7 Qxd5 45. Rg7+ Kf8 46. Rcc7 Qxg2+ 47. Ke1 Ba6 48. Nc3 f3 49. Rgf7+ Ke8 50. Rfe7+ Kd8 51. Red7+ Ke8 52. Re7+ Kf8 53. Rf7+ Ke8 54. Rfd7 f2+ 55. Kd2 f1=Q+ 56. Ke3 Qf4# 0-1


[Site "https://www.chess.com"]

[Event "Titled Tuesday Blitz November 30 2021"]
[White "Seo, Jung Min"]
[Black "Shahade, Gregory"]
[WhiteFideId "1734687"]
[BlackFideId "2009064"]
[WhiteElo "2472"]
[BlackElo "2658"]
[Result "0-1"]
[Round "09"]
[TimeControl "180+1"]
[Date "2021.11.30"]
[WhiteClock "0:00:58"]
[BlackClock "0:00:14"]

1. d4 Nf6 2. c4 g6 3. Nc3 d5 4. cxd5 Nxd5 5. e4 Nxc3 6. bxc3 Bg7 7. Nf3 c5 8. Bb5+ Bd7 9. Rb1 Qa5 10. Bxd7+ Nxd7 11. Bd2 Qxa2 12. Rxb7 Qa6 13. Rb1 O-O 14. Qe2 Qxe2+ 15. Kxe2 Rfb8 16. Kd3 a5 17. Rxb8+ Rxb8 18. Ra1 cxd4 19. cxd4 Nc5+ 20. dxc5 Bxa1 21. Bxa5 Rb5 22. Bb6 e6 23. Nd4 Rb1 24. Nc2 Be5 25. g3 Rb3+ 26. Kc4 Rc3+ 0-1


[Site "https://www.chess.com"]

[Event "Titled Tuesday Blitz November 30 2021"]
[White "Shipov, Sergei"]
[Black "Arencibia Monduy, Antonio"]
[WhiteFideId "4113624"]
[BlackFideId "3507939"]
[WhiteElo "2764"]
[BlackElo "2593"]
[Result "1-0"]
[Round "09"]
[TimeControl "180+1"]
[Date "2021.11.30"]
[WhiteClock "0:00:56"]
[BlackClock "0:00:01"]

1. d4 Nf6 2. c4 e6 3. Nc3 d5 4. Qc2 Be7 5. cxd5 exd5 6. Bg5 c6 7. e3 h6 8. Bf4 Nbd7 9. h3 O-O 10. Nf3 Re8 11. Bd3 Nf8 12. O-O Ne6 13. Bg3 Bd6 14. Ne5 Ng5 15. f3 Qe7 16. Rae1 Ne6 17. a3 a6 18. Qf2 c5 19. Kh1 b5 20. Nc6 Qc7 21. Bxd6 Qxd6 22. Ne5 b4 23. axb4 cxd4 24. exd4 Qxb4 25. Ng4 Nxg4 26. fxg4 Qb7 27. Nxd5 Rb8 28. Be4 Qd7 29. Qf5 Ng5 30. Qxd7 Bxd7 31. Bf5 Bxf5 32. Rxe8+ Rxe8 33. gxf5 Rd8 34. Ne7+ Kf8 35. Nc6 Rd6 36. Rc1 Ne4 37. b4 Ng3+ 38. Kh2 Nxf5 39. Rc4 Ne3 40. Rc5 g6 41. g4 Kg7 42. Kg3 Nd5 43. Kf3 h5 44. gxh5 gxh5 45. Ke4 Nf6+ 46. Kd3 Kg6 47. Ne7+ Kh7 48. Kc4 Kh8 49. Rf5 Nh7 50. Rxf7 1-0


[Site "https://www.chess.com"]

[Event "Titled Tuesday Blitz November 30 2021"]
[White "Sviridov, Valery"]
[Black "Yilmaz, Mustafa"]
[WhiteFideId "4120680"]
[BlackFideId "6302718"]
[WhiteElo "2454"]
[BlackElo "2518"]
[Result "1-0"]
[Round "09"]
[TimeControl "180+1"]
[Date "2021.11.30"]
[WhiteClock "0:00:16"]
[BlackClock "0:00:04"]

1. Nf3 d5 2. g3 g6 3. Bg2 Bg7 4. O-O e5 5. d3 Nc6 6. e4 dxe4 7. dxe4 Qxd1 8. Rxd1 Nf6 9. Nc3 Bg4 10. Re1 O-O-O 11. h3 Bd7 12. Be3 h6 13. Rad1 Be6 14. a3 Ne8 15. Rxd8+ Nxd8 16. Rd1 Nd6 17. Bc5 Nc4 18. b3 Nb6 19. a4 Nc6 20. Nd5 Rd8 21. c4 Rd7 22. Rd3 Kd8 23. Rd2 Nc8 24. Be3 Nd6 25. Ne1 Nd4 26. Bxd4 exd4 27. Nd3 c6 28. N5f4 Ke7 29. Nc5 Rc7 30. Ncxe6 fxe6 31. Nxg6+ Kf7 32. Nf4 a5 33. Nd3 Ke7 34. e5 Nf5 35. Be4 b5 36. cxb5 cxb5 37. axb5 Rc3 38. Rb2 Kd8 39. b6 Ne7 40. b7 Kc7 41. Ra2 Nc6 42. Ra4 Nxe5 43. Nxe5 Bxe5 44. Rxa5 Bd6 45. Ra8 Rxb3 46. Rc8+ Kd7 47. Rc1 Ke7 48. Kg2 h5 49. h4 Rb2 50. Bf3 d3 51. Rd1 Bc5 52. Rxd3 Rxf2+ 53. Kh3 Rb2 54. Rc3 Kd6 55. Rd3+ Ke7 56. Rd1 e5 57. Rc1 Kd6 58. Rd1+ Bd4 59. Rd2 Rb3 60. Rc2 Ba7 61. Be4 Kd7 62. Ra2 Bb8 63. Ra8 Kc7 64. Ra5 Kd7 65. Rd5+ Ke7 66. Rd3 Rb4 67. Bc6 e4 68. Re3 Kd6 69. Bxe4 Kc5 70. Bf3 Rb1 71. Re8 Bc7 72. Rh8 Rb3 73. Rxh5+ Kd4 74. Rf5 Kc4 75. Rf7 Be5 76. h5 Kd4 77. h6 Rb6 78. h7 Rh6+ 79. Kg2 Rg6 80. Rd7+ Kc3 81. g4 Rh6 82. Re7 Bd6 83. Re6 Rxe6 84. h8=Q+ Kd3 85. b8=Q Bxb8 86. Qxb8 Kd4 87. Qf4+ Kc5 88. g5 Rb6 89. Qf5+ Kd4 90. g6 Ke3 91. g7 Rb2+ 92. Kg3 Rb6 93. Qe5+ Kd3 94. Qe4+ Kd2 95. Qd4+ Ke1 96. Qe3+ Kf1 97. Qe2+ Kg1 98. Qg2# 1-0


[Site "https://www.chess.com"]

[Event "Titled Tuesday Blitz November 30 2021"]
[White "Thavandiran, Shiyam"]
[Black "Martinez Alcantara, Jose Eduardo"]
[WhiteFideId "2605058"]
[BlackFideId "3805662"]
[WhiteElo "2357"]
[BlackElo "2690"]
[Result "0-1"]
[Round "09"]
[TimeControl "180+1"]
[Date "2021.11.30"]
[WhiteClock "0:00:12"]
[BlackClock "0:01:24"]

1. e4 c5 2. Nf3 d6 3. d4 cxd4 4. Nxd4 Nf6 5. Nc3 a6 6. h3 e5 7. Nde2 h5 8. Bg5 Be6 9. Bxf6 Qxf6 10. Nd5 Qd8 11. Qd3 Nd7 12. O-O-O g6 13. Kb1 Nc5 14. Qa3 h4 15. f4 Bg7 16. g3 hxg3 17. fxe5 Bxe5 18. Nxg3 Rc8 19. Bg2 Bxd5 20. Rxd5 Qg5 21. Rxe5+ Qxe5 22. h4 b5 23. Qf3 Na4 24. c3 Nxc3+ 25. bxc3 Rxc3 26. Qf2 Rxg3 27. Rf1 O-O 28. h5 gxh5 29. Bf3 h4 30. Rh1 Qf4 0-1


[Site "https://www.chess.com"]

[Event "Titled Tuesday Blitz November 30 2021"]
[White "Weetik, Vjacheslav"]
[Black "Siva Mahadevan"]
[WhiteFideId "4153472"]
[BlackFideId "25043153"]
[WhiteElo "2469"]
[BlackElo "2203"]
[Result "1/2-1/2"]
[Round "09"]
[TimeControl "180+1"]
[Date "2021.11.30"]
[WhiteClock "0:00:17"]
[BlackClock "0:00:26"]

1. d4 Nf6 2. Bf4 g6 3. Nf3 Bg7 4. Nc3 d5 5. e3 O-O 6. Be2 c5 7. dxc5 Nbd7 8. Nxd5 Nxd5 9. Qxd5 Bxb2 10. O-O Bxa1 11. Rxa1 Qa5 12. Bh6 Qxc5 13. Qxc5 Nxc5 14. Bxf8 Kxf8 15. Nd4 Bd7 16. Kf1 Rc8 17. Ke1 e5 18. Nb3 Na4 19. Bd3 Be6 20. Kd2 b6 21. f4 Ke7 22. fxe5 Nc5 23. Nd4 Nd7 24. a4 Rc5 25. Bb5 Nxe5 26. a5 bxa5 27. Rxa5 Rc7 28. Bd3 Nc4+ 29. Bxc4 Bxc4 30. e4 a6 31. e5 Bf1 32. g3 h5 33. h4 Rd7 34. Ke3 Rc7 35. Kd2 Rc8 36. c3 Bc4 37. Ke3 Rc7 38. Kd2 Rb7 39. Rc5 Bf1 40. Rc6 Rb2+ 41. Ke3 Kd7 42. Rf6 Bc4 43. Nf3 a5 44. Kd4 Be6 45. Ng5 a4 46. Nxe6 fxe6 47. Rf7+ Kc6 48. Ra7 Rg2 49. Rxa4 Rxg3 50. Ra6+ Kd7 51. Ra7+ Kc6 52. Ra6+ Kd7 53. Ra7+ Kd8 54. Rg7 Rg4+ 55. Kc5 Rxh4 56. Kd6 Kc8 57. Kxe6 Rc4 58. Rg8+ Kc7 59. Rxg6 Rc6+ 60. Kf7 Rxg6 61. Kxg6 h4 62. e6 h3 63. e7 h2 64. e8=Q h1=Q 65. Qe5+ Kc6 66. Qd4 Qg2+ 67. Kf5 Qd5+ 68. Kf4 Qxd4+ 69. cxd4 Kd5 70. Ke3 Kd6 71. Ke4 Ke6 72. Ke3 Kd5 73. Kd3 Kd6 74. Kc4 Kc6 75. d5+ Kd6 76. Kd4 Kd7 77. Ke5 Ke7 78. Kd4 Kd6 79. Kc4 Kd7 80. Kc5 Kc7 81. d6+ Kd7 82. Kd5 Kd8 83. Ke5 Kd7 84. Kd5 Kd8 85. Kc6 Kc8 86. Kc5 Kd7 87. Kd5 1/2-1/2


[Site "https://www.chess.com"]

[Event "Titled Tuesday Blitz November 30 2021"]
[White "Arencibia Monduy, Antonio"]
[Black "Costachi, Mihnea"]
[WhiteFideId "3507939"]
[BlackFideId "1217518"]
[WhiteElo "2588"]
[BlackElo "2482"]
[Result "0-1"]
[Round "10"]
[TimeControl "180+1"]
[Date "2021.11.30"]
[WhiteClock "0:00:01"]
[BlackClock "0:01:01"]

1. c4 Nf6 2. Nf3 b6 3. g3 Bb7 4. Bg2 g6 5. O-O Bg7 6. Nc3 O-O 7. d4 Ne4 8. Qc2 Nxc3 9. Qxc3 c5 10. e3 d6 11. Qd3 cxd4 12. exd4 Nc6 13. Be3 Rc8 14. Rac1 Qd7 15. Rfd1 Rc7 16. b3 Rfc8 17. d5 Ne5 18. Nxe5 Bxe5 19. Re1 b5 20. f4 bxc4 21. bxc4 Bf6 22. Bf1 Ba6 23. Qb3 h5 24. Bf2 h4 25. gxh4 Qg4+ 26. Qg3 Qxg3+ 27. hxg3 Bxc4 28. Bxc4 Rxc4 29. Rxc4 Rxc4 30. Bxa7 Ra4 31. Bf2 Rxa2 32. Rd1 Kg7 33. Kg2 Kf8 34. Kf3 Ra3+ 35. Kg4 Kg7 36. h5 gxh5+ 37. Kxh5 Bb2 38. Rd2 Bf6 39. Kg4 Kg6 40. f5+ Kg7 41. Kh5 Be5 42. Kg4 Kf6 43. Re2 Ra4+ 44. Kh3 Kxf5 45. Be3 Ra3 46. Rf2+ Kg6 47. Bf4 Rd3 48. Bxe5 dxe5 49. Kg4 f5+ 50. Kh3 f4 51. Kh4 Rxg3 52. Rd2 Kf5 53. d6 Rg1 54. Kh3 exd6 55. Rxd6 f3 56. Rd8 e4 57. Kh2 Rg2+ 58. Kh1 Rg6 59. Rf8+ Ke5 60. Re8+ Kf4 61. Ra8 Kg3 62. Kg1 e3 0-1


[Site "https://www.chess.com"]

[Event "Titled Tuesday Blitz November 30 2021"]
[White "Azarov, Sergei"]
[Black "Borsuk, Konstantin"]
[WhiteFideId "13501470"]
[BlackFideId "14113406"]
[WhiteElo "2494"]
[BlackElo "2406"]
[Result "1-0"]
[Round "10"]
[TimeControl "180+1"]
[Date "2021.11.30"]
[WhiteClock "0:00:03"]
[BlackClock "0:00:01"]

1. e4 e6 2. d4 d5 3. Nd2 Nf6 4. e5 Nfd7 5. Bd3 c5 6. c3 Nc6 7. Ne2 b6 8. O-O cxd4 9. cxd4 Nb4 10. Bb1 Ba6 11. Nf3 Be7 12. a3 Nc6 13. Re1 g6 14. Nf4 Qc7 15. Nh3 O-O-O 16. Bg5 Kb7 17. Bc2 h6 18. Bxe7 Nxe7 19. Ba4 b5 20. Bc2 g5 21. Nd2 Ng6 22. Bxg6 fxg6 23. Rc1 Qb6 24. Nb3 b4 25. Qd2 Bc4 26. Nc5+ Nxc5 27. dxc5 Qb5 28. b3 Bd3 29. a4 Qa6 30. Qxb4+ Kc6 31. Qc3 d4 32. Qa1 Bf5 33. b4 Qd3 34. b5+ Kc7 35. Red1 Qe4 36. f3 Qe3+ 37. Nf2 g4 38. Re1 Qd2 39. fxg4 Rhg8 40. gxf5 gxf5 41. Qa3 d3 42. c6 Qg5 43. g3 d2 44. Qc5 Ra8 45. Qd6+ Kb6 46. c7+ Ka5 47. Rc5 dxe1=Q+ 48. Kg2 Qxg3+ 49. hxg3 Rxg3+ 50. Kxg3 f4+ 51. Kf3 Qe3+ 52. Kg2 f3+ 53. Kh3 1-0


[Site "https://www.chess.com"]